AoeStats
← jordialg97

Yucatan

510346579Analyzed
2v2 RM · 2d ago on Sep 30, 2026· 48m 7s· 4 players
Game mode
Random Map
Map size
Medium (4 player)
Population
200
Speed
Normal
Resources
Standard
Victory
Conquest
Starting age
Dark Age
Ending age
Imperial Age
RankedLock teamsTeams togetherTeam positionsShared explorationLock speedFull tech treeHidden civsTurbo modeCheats
Victory
Defeat
🇳🇱 Britons · Netherlands
1282
+13
🇪🇸 Wu · Spain
1281
+13
🇦🇹 Vietnamese · Austria
1227
-13
🇦🇹 Varangians · Austria
1208
-13
Mephisto
7:33 Loom
10:46 Feudal Age
15:21 Castle Age
13:40 Fletching
13:52 Double-Bit Axe
14:33 Horse Collar
15:20 Gold Mining
16:06 Padded Archer Armor
16:46 Crossbowman
20:36 Leather Archer Armor
22:03 Bodkin Arrow
25:03 Bow Saw
27:06 Husbandry
28:06 Scale Barding Armor
31:25 Ballistics
31:28 Forging
33:46 Town Watch
35:57 Thumb Ring
38:01 Wheelbarrow
39:50 Wheelbarrow
39:51 Bloodlines
40:36 Scale Mail Armor
40:59 Chain Barding Armor
42:55 Iron Casting
44:01 Elite Skirmisher
49:04 Imperial Age
Enkidu
8:48 Loom
10:56 Feudal Age
15:09 Castle Age
14:05 Horse Collar
14:13 Double-Bit Axe
16:22 Bow Saw
16:15 Heavy Plow
19:58 Squires
20:19 Gambesons
20:42 Arson
21:13 Forging
21:08 Scale Mail Armor
24:37 Wheelbarrow
25:02 Forging
29:06 Hand Cart
28:39 Town Watch
35:09 Imperial Age
33:08 Chain Mail Armor
33:44 Arson
36:51 Conscription
37:25 Gothikon
38:38 Plate Mail Armor
39:35 Elite Varangian Guard
42:49 Iron Casting
43:12 Capped Ram
cueromagico2
5:00 Loom
11:07 Feudal Age
15:49 Castle Age
13:38 Arson
13:58 Scale Mail Armor
14:02 Double-Bit Axe
14:57 Gold Mining
17:15 Wheelbarrow
16:46 Squires
17:06 Chain Mail Armor
16:50 Horse Collar
21:06 Forging
23:43 Iron Casting
27:22 Man-at-Arms
28:07 Long Swordsman
33:45 Town Watch
43:58 Fletching
47:16 Imperial Age
47:26 Imperial Age
45:21 Pikeman
47:47 Hand Cart
47:30 Halberdier
jordialg97
6:56 Loom
9:42 Feudal Age
10:41 Double-Bit Axe
14:43 Town Watch
15:24 Gold Mining
18:06 Castle Age
17:39 Forging
17:21 Fletching
18:13 Crossbowman
19:56 Padded Archer Armor
21:04 Wheelbarrow
20:41 Bow Saw
23:56 Horse Collar
31:41 Ballistics
33:58 Hand Cart
38:35 Imperial Age
36:07 Town Patrol
36:18 Bodkin Arrow
36:45 Leather Archer Armor
38:45 Arbalester
39:59 Conscription
41:43 Chemistry
40:47 Bracer
41:18 Ring Archer Armor
46:25 Elite Longbowman
Connection lost

Rejoining the realm…

Still unreachable

The connection could not be restored.

Session expired

The server has moved on; the page needs a fresh start.